 Dungeon Crawl Stone Soup version 0.28.0 (webtiles) character file.

Game seed: 819126482244535034

192 Kay the Chopper (level 5, 0/47 HPs)
             Began as a Hill Orc Fighter on Feb 13, 2022.
             Killed by nerve-wracking pain
             ... invoked by an orc priest
              (10 damage)
             ... on level 4 of the Dungeon.
             The game lasted 00:04:56 (2608 turns).

Kay the Chopper (Hill Orc Fighter)                  Turns: 2608, Time: 00:04:57

Health: 0/47       AC:  8    Str: 19    XL:     5   Next: 71%
Magic:  5/5        EV:  9    Int:  8    God:
Gold:   48         SH:  5    Dex: 12    Spells: 4/4 levels left

rFire   . . .      SeeInvis .   a - +1 war axe
rCold   . . .      Faith    .   c - +0 buckler
rNeg    . . .      Spirit   .   b - +0 scale mail
rPois   .          Reflect  .   p - +0 helmet
rElec   .          Harm     .   (no cloak)
rCorr   .          Rampage  .   (no gloves)
Will    .....                   (no boots)
Stlth   ..........              (no amulet)
HPRegen 0.15/turn               (no ring)
MPRegen 0.09/turn               (no ring)

@: no status effects
A: no striking features
a: Convert to Beogh


You were on level 4 of the Dungeon.
You visited 1 branch of the dungeon, and saw 4 of its levels.

You collected 72 gold pieces.
You spent 24 gold pieces at shops.

Inventory:

Hand Weapons
 a - a +1 war axe (weapon)
Armour
 b - a +0 scale mail (worn)
 c - a +0 buckler (worn)
 p - a +0 helmet (worn)
Jewellery
 l - a +6 ring of dexterity
Scrolls
 e - a scroll of magic mapping {unknown}
 f - a scroll of fog {unknown}
 g - 7 scrolls of identify
 h - 2 scrolls of enchant weapon
 i - 2 scrolls of teleportation {unknown}
 n - a scroll of noise {unknown}
Potions
 d - a potion of might
 j - a potion of attraction {unknown}
 k - a potion of mutation {unknown}
 m - a potion of ambrosia {unknown}
 o - a potion of cancellation {unknown}


   Skills:
 + Level 4.3 Fighting
 + Level 5.0 Axes
 + Level 4.4 Armour
 + Level 1.0 Dodging
 - Level 0.1 Stealth
 + Level 3.9 Shields


You had 4 spell levels left.
You didn't know any spells.
Your spell library was empty.

Dungeon Overview and Level Annotations

Branches:
Dungeon (4/15)
 Temple: D:4-7

Altars:
Elyvilon
Kikubaaqudgha
Nemelex Xobeh
Vehumet
Zin

Shops:
D:2 ?


Message History

Space warps around you. The orc wizard closely misses you.
The orc priest shouts, "Surrender to Beogh and we'll let you live!"
You hit the orc wizard.
The orc wizard is moderately wounded.
The orc wizard gestures at you while chanting.
The puff of flame hits you.
The orc priest shouts, "Beogh is our master!
Accept the truth or die!"
You hit the orc wizard but do no damage.
The orc wizard is moderately wounded.
The orc wizard gestures at you while chanting.
You are confused.
You hear a shout!
The orc priest threatens, "By the altar or by the axe, you will meet Beogh!"
You hit the orc wizard.
The orc wizard is heavily wounded.
You hear a shout!
The orc wizard hits you with a +1 dagger of distortion.
Space warps around you.
You closely miss the orc wizard.
The orc wizard is heavily wounded.
The orc wizard hits you but does no damage.
Space warps around you.
The orc wizard hits you but does no damage.
You miss the orc wizard.
The orc wizard is heavily wounded.
The giant cockroach waves its antennae.
The orc wizard casts a spell at you. The puff of flame hits you.
* * * LOW HITPOINT WARNING * * *
You hit the orc wizard.
The orc wizard is severely wounded.
You feel less confused.
The orc wizard hits you with a +1 dagger of distortion.
* * * LOW HITPOINT WARNING * * *
You blink.
An orc priest comes into view. It is wielding a +0 club.
The orc throws a stone.
The stone hits you but does no damage.
The orc priest invokes the aid of Beogh against you.
Pain shoots through your body!
You die...

.## ##.# ..# #... ...
.# ..# #..# #.. .#
..# #..# #..#####.#
#.# #..### #........
#.# #....# #.......#
#.###..#.###._..._.##
....................#
.......####._..8@...#
#.####.# #oo.......#
######.#####....._..#
#......§oB.._....#
#.#.#####o#...##.#
+..#.# #o#.... .# #.
#.# # ###.# # ## #.#
#.# #.#


You could see 2 orc priests, an orc wizard, 2 orcs and a giant cockroach.

Vanquished Creatures
  A hound (D:4)
  An orc priest (D:3)
  Robin (D:4)
  5 adders
  2 worms (D:2)
  2 dart slugs
  4 orcs
  An endoplasm (D:3)
  2 giant cockroaches (D:1)
  10 hobgoblins
  2 jackals (D:2)
  A quokka (D:2)
  5 ball pythons
  3 bats
  4 frilled lizards
  12 goblins
  4 kobolds
  5 rats
65 creatures vanquished.

Notes
Turn   | Place    | Note
-------+----------+-------------------------------------------
     0 | D:1      | Kay the Hill Orc Fighter began the quest for the Orb.
     0 | D:1      | Reached XP level 1. HP: 19/19 MP: 1/1
   116 | D:1      | Reached XP level 2. HP: 20/27 MP: 2/2
   694 | D:2      | Reached skill level 3 in Axes
   720 | D:2      | Reached XP level 3. HP: 33/33 MP: 3/3
  1487 | D:2      | Found Otwodar's Magic Scroll Boutique.
  1497 | D:2      | Bought a scroll of identify for 24 gold pieces
  1580 | D:3      | Reached XP level 4. HP: 40/40 MP: 4/4
  2045 | D:3      | Reached skill level 4 in Axes
  2196 | D:3      | Reached XP level 5. HP: 46/46 MP: 5/5
  2442 | D:4      | Noticed Robin
  2451 | D:4      | Killed Robin
  2452 | D:4      | Reached skill level 5 in Axes
  2452 | D:4      | Reached skill level 1 in Dodging
  2589 | D:4      | Found a sparkling altar of Nemelex Xobeh.
  2590 | D:4      | Found a radiant altar of Vehumet.
  2595 | D:4      | Found an ancient bone altar of Kikubaaqudgha.
  2597 | D:4      | Found a glowing silver altar of Zin.
  2597 | D:4      | Found a white marble altar of Elyvilon.
  2608 | D:4      | Killed from afar by an orc priest

Illustrated notes

Levels and vault maps discovered:
D:1:      evilmike_arrival_fibonacci_small, layout_loops_ring
D:2:      layout_loops_cross, serial_shops, nicolae_lakefront_shop,
          lightli_corner_chamber
D:3:      layout_basic, st_stairs_14, chequers_garden
D:4:      layout_loops_ring, grunt_temple_overflow_open, serial_shops,
          kennysheep_little_box, kennysheep_windowed_goal, uniq_pikel,
          uniq_crazy_yiuf_cottage, uniq_robin

Skill      XL: |  1  2  3  4  5 |
---------------+----------------+-----
Axes           | 3 4 5 |  5.0
Fighting       | 4 |  4.3
Armour         | 4 |  4.4
Dodging        | 1 |  1.0
Stealth        | |  0.1
Shields        | |  3.9

Action                   |  1- 3 |  4- 6 || total
-------------------------+-------+-------++-------
Melee: War axe           |    76 |    71 ||   147
  Use: Scroll            |     1 |       ||     1
Armor: Scale mail        |    38 |    35 ||    73
Dodge: Dodged            |    47 |    27 ||    74
Block: Buckler           |    16 |    17 ||    33
